[Event "Titled Tuesday Blitz August 09 Late 2022"]
[White "Babazada, Khazar"]
[Black "Lach, Aleksandra"]
[WhiteFideId "13413554"]
[BlackFideId "1134299"]
[WhiteElo "2409"]
[BlackElo "2031"]
[Result "1-0"]
[Round "01"]
[TimeControl "180+1"]
[Date "2022.08.09"]
[WhiteClock "0:00:24"]
[BlackClock "0:00:16"]

1. b3 e5 2. Bb2 d6 3. g3 Nc6 4. Bg2 Nf6 5. d3 Be7 6. Nd2 O-O 7. e3 Be6 8. Ne2 Qd7 9. h3 Ne8 10. f4 f5 11. O-O Bf6 12. Qc1 g6 13. Kh2 Qg7 14. fxe5 dxe5 15. e4 Nd6 16. Qe1 Kh8 17. Qf2 Rf7 18. exf5 gxf5 19. Bxc6 bxc6 20. d4 Ne4 21. Nxe4 fxe4 22. Qe3 Bg5 23. Qxe4 Raf8 24. Rxf7 Rxf7 25. c4 Rf2+ 26. Kg1 Bf5 27. Qxe5 Qxe5 28. dxe5 Rxe2 29. Bd4 Bxh3 30. Bxa7 Rxe5 31. Kh2 Bf6 32. Kxh3 Rh5+ 33. Kg4 Rg5+ 34. Kf4 Ra5 35. Re1 Rxa7 36. Re6 Kg7 37. Rxc6 Rxa2 38. Rxc7+ Kg6 39. b4 Rb2 40. b5 Rb4 41. Ke4 h6 42. Kd5 Rb3 43. Rc8 Kf5 44. Kc6 Rxg3 45. b6 Be5 46. c5 Rc3 47. Kb7 h5 48. c6 Rb3 49. Rd8 Ke6 50. Re8+ Kf6 51. Rxe5 Kxe5 52. c7 Rc3 53. c8=Q Rxc8 54. Kxc8 h4 55. b7 h3 56. b8=Q+ Ke4 57. Qh2 Kf3 58. Qxh3+ 1-0


[Site "https://www.chess.com"]

[Event "Titled Tuesday Blitz August 09 Late 2022"]
[White "Bernal Moro, Luis Javier"]
[Black "Kamsky, Gata"]
[WhiteFideId "2200236"]
[BlackFideId "2000024"]
[WhiteElo "2376"]
[BlackElo "2666"]
[Result "0-1"]
[Round "01"]
[TimeControl "180+1"]
[Date "2022.08.09"]
[WhiteClock "0:00:02"]
[BlackClock "0:00:12"]

1. c4 e5 2. Nc3 Nc6 3. Nf3 f5 4. g3 Nf6 5. d4 e4 6. Nh4 g6 7. Bg5 Bg7 8. e3 O-O 9. Ng2 d6 10. Nf4 h6 11. Bxf6 Qxf6 12. h4 Ne7 13. Qb3 c6 14. O-O-O a6 15. Be2 Kh8 16. Qa3 Bd7 17. f3 exf3 18. Bxf3 b5 19. c5 d5 20. Nce2 a5 21. Qd3 Qf7 22. Rdg1 Qe8 23. g4 a4 24. Qd2 a3 25. b3 Ra7 26. gxf5 Bxf5 27. Ng3 Bc8 28. Rh2 Nf5 29. Nxf5 Bxf5 30. Be2 Re7 31. Rg3 Be4 32. Bd3 Rxf4 33. exf4 Bxd4 34. Re2 Bf6 35. Kd1 h5 36. Qc2 Bxh4 37. Rh3 Bf6 38. Bxe4 dxe4 39. f5 Qd7+ 40. Qd2 Qxf5 41. Qh6+ Kg8 42. Rf2 Rd7+ 43. Ke1 Qxh3 0-1


[Site "https://www.chess.com"]

[Event "Titled Tuesday Blitz August 09 Late 2022"]
[White "Debray, Christopher"]
[Black "Demchenko, Anton"]
[WhiteFideId "630810"]
[BlackFideId "4160258"]
[WhiteElo "2377"]
[BlackElo "2539"]
[Result "0-1"]
[Round "01"]
[TimeControl "180+1"]
[Date "2022.08.09"]
[WhiteClock "0:01:16"]
[BlackClock "0:01:37"]

1. c4 e5 2. g3 Nc6 3. Bg2 Bc5 4. Nc3 d6 5. e3 a6 6. Nge2 Ba7 7. d4 h5 8. h4 Bg4 9. dxe5 dxe5 10. Qxd8+ Nxd8 11. O-O Ne7 12. b3 f6 13. Ba3 c6 14. Ne4 Nf7 15. N2c3 Rd8 16. Bc5 Bxc5 17. Nxc5 Nd6 18. f3 Bc8 19. Rfd1 Nef5 20. Kf2 Ke7 21. N3e4 a5 22. Rd2 Nxe4+ 23. Nxe4 Rxd2+ 24. Nxd2 Nd6 25. Rd1 Rd8 26. Nb1 Ne4+ 27. Ke2 Rxd1 28. Kxd1 Nxg3 29. Kd2 g5 30. hxg5 fxg5 31. Nc3 h4 0-1


[Site "https://www.chess.com"]

[Event "Titled Tuesday Blitz August 09 Late 2022"]
[White "Deviprasath, Sharvesh"]
[Black "Pakleza, Zbigniew"]
[WhiteFideId "30938228"]
[BlackFideId "1119290"]
[WhiteElo "2102"]
[BlackElo "2411"]
[Result "0-1"]
[Round "01"]
[TimeControl "180+1"]
[Date "2022.08.09"]
[WhiteClock "0:00:09"]
[BlackClock "0:01:04"]

1. Nf3 d5 2. e3 Nf6 3. c4 c6 4. Nc3 Bg4 5. cxd5 Bxf3 6. gxf3 cxd5 7. Qb3 Qd7 8. d4 Nc6 9. Bd3 e6 10. Bd2 Bd6 11. O-O-O O-O-O 12. Kb1 Kb8 13. Nb5 Rc8 14. Nxd6 Qxd6 15. Rhg1 g6 16. f4 Ne4 17. Bxe4 dxe4 18. Bc3 Qd5 19. Qxd5 exd5 20. Rg5 Rcd8 21. h4 Ne7 22. h5 Nf5 23. Rh1 Kc7 24. Rgg1 Kd6 25. hxg6 hxg6 26. Bb4+ Ke6 27. b3 Rc8 28. Rc1 Rxc1+ 29. Rxc1 Rh2 30. Be1 Nh4 31. Rc7 Rh1 0-1


[Site "https://www.chess.com"]

[Event "Titled Tuesday Blitz August 09 Late 2022"]
[White "Djordjevic, Vuk"]
[Black "Pires, Marcos Vinicius Torsani"]
[WhiteFideId "902098"]
[BlackFideId "2118939"]
[WhiteElo "2456"]
[BlackElo "2273"]
[Result "1-0"]
[Round "01"]
[TimeControl "180+1"]
[Date "2022.08.09"]
[WhiteClock "0:00:35"]
[BlackClock "0:00:22"]

1. d4 Nf6 2. Bg5 e6 3. e4 d5 4. e5 h6 5. Be3 Nfd7 6. f4 c5 7. c3 Nc6 8. Nf3 Qb6 9. Qd2 Be7 10. Bd3 cxd4 11. cxd4 Na5 12. Nc3 Nc4 13. Bxc4 dxc4 14. O-O Qc6 15. d5 exd5 16. Nxd5 Bc5 17. Rad1 O-O 18. Kh1 b5 19. Qf2 Bxe3 20. Qxe3 Qc5 21. Qe4 Rb8 22. e6 fxe6 23. Qxe6+ Kh7 24. Qe4+ Kh8 25. Ne7 Nf6 26. Ng6+ Kg8 27. Qe5 Qxe5 28. fxe5 Ng4 29. Nxf8 Ne3 30. Ng6 Nxf1 31. Rxf1 Bf5 32. Ne7+ 1-0


[Site "https://www.chess.com"]

[Event "Titled Tuesday Blitz August 09 Late 2022"]
[White "Drygalov, Sergey"]
[Black "Bodnar, Nikolay"]
[WhiteFideId "24171743"]
[BlackFideId "14106469"]
[WhiteElo "2523"]
[BlackElo "2283"]
[Result "0-1"]
[Round "01"]
[TimeControl "180+1"]
[Date "2022.08.09"]
[WhiteClock "0:00:08"]
[BlackClock "0:00:18"]

1. d4 Nf6 2. c4 e6 3. Nc3 Bb4 4. Qc2 O-O 5. e4 d5 6. e5 Ne4 7. Bd3 c5 8. Ne2 cxd4 9. Nxd4 Qh4 10. O-O Bxc3 11. bxc3 Nc6 12. Nf3 Qh5 13. Bxe4 dxe4 14. Qxe4 Qf5 15. Qe3 b6 16. Nd4 Nxd4 17. cxd4 Ba6 18. Ba3 Bxc4 19. Bxf8 Bxf1 20. Rxf1 Rxf8 21. Rc1 h6 22. h3 Rd8 23. a4 g5 24. Rc7 Qf4 25. Qxf4 gxf4 26. Rc4 Kg7 27. Kf1 Kg6 28. Ke2 Kf5 29. Kf3 Rd7 30. g4+ fxg3 31. fxg3 h5 32. Ke3 f6 33. exf6 Kxf6 34. Rc8 Rg7 35. Kf4 Rd7 36. Ke4 Rg7 37. Rc3 Rg5 38. Rf3+ Ke7 39. Rc3 Ra5 40. Rc4 Kf6 41. Kf4 Rf5+ 42. Ke4 Ra5 43. Rb4 Rg5 44. Rb3 Ra5 45. Ra3 Ke7 46. Rc3 Rxa4 47. Rc7+ Kf6 48. Rh7 Kg6 49. Re7 Kf6 50. Rh7 Ra3 51. Kf4 Ra4 52. Rxh5 Rxd4+ 53. Ke3 Rb4 54. g4 a5 55. Rh6+ Ke5 56. g5 a4 57. Rh7 a3 58. Ra7 Rb3+ 59. Kf2 Rxh3 60. g6 Rh2+ 61. Kg3 Rh6 62. g7 Rg6+ 63. Kf3 a2 64. Ke3 Rxg7 65. Rxa2 Rg3+ 66. Kf2 Rg7 67. Ke3 Rb7 68. Kd3 b5 69. Kc3 b4+ 70. Kb3 Rb6 71. Re2+ Kd4 72. Rd2+ Ke3 73. Rh2 e5 74. Rh6 Rxh6 0-1


[Site "https://www.chess.com"]

[Event "Titled Tuesday Blitz August 09 Late 2022"]
[White "Esipenko, Andrey"]
[Black "Roberson, Peter T"]
[WhiteFideId "24175439"]
[BlackFideId "412384"]
[WhiteElo "2619"]
[BlackElo "2346"]
[Result "1-0"]
[Round "01"]
[TimeControl "180+1"]
[Date "2022.08.09"]
[WhiteClock "0:01:58"]
[BlackClock "0:00:47"]

1. d4 Nf6 2. Nf3 d5 3. g3 g6 4. Bg2 Bg7 5. O-O O-O 6. Nbd2 b6 7. c4 Bb7 8. cxd5 Bxd5 9. Qc2 Nbd7 10. e4 Bb7 11. Re1 c5 12. d5 e6 13. dxe6 fxe6 14. Nc4 Qe7 15. Bf4 e5 16. Nfxe5 Nxe5 17. Bxe5 b5 18. Bd6 Qe6 19. Bxf8 Rxf8 20. Na5 Ba8 21. a4 Ng4 22. Qxc5 Rxf2 23. h3 Rxg2+ 24. Kxg2 Bxe4+ 25. Kg1 Ne5 26. Rxe4 Nf3+ 27. Kf2 Qxe4 28. Qc8+ Bf8 29. Qc6 Bc5+ 30. Qxc5 Nd4 31. Qc8+ Kg7 32. Qb7+ 1-0


[Site "https://www.chess.com"]

[Event "Titled Tuesday Blitz August 09 Late 2022"]
[White "Galperin, Platon"]
[Black "Graif, William"]
[WhiteFideId "14165414"]
[BlackFideId "2609835"]
[WhiteElo "2435"]
[BlackElo "1942"]
[Result "1-0"]
[Round "01"]
[TimeControl "180+1"]
[Date "2022.08.09"]
[WhiteClock "0:02:04"]
[BlackClock "0:00:02"]

1. b3 e5 2. Bb2 Nc6 3. Nf3 e4 4. Nd4 Nxd4 5. Bxd4 d5 6. e3 Nf6 7. c4 dxc4 8. Bxc4 Bd6 9. Nc3 Bf5 10. f3 O-O 11. O-O Re8 12. fxe4 Bxh2+ 13. Kxh2 Ng4+ 14. Kg3 Qd6+ 15. Rf4 g5 16. exf5 gxf4+ 17. Kxg4 fxe3 18. Bxe3 Rad8 19. Qf3 Qf6 20. Kh3 Kh8 21. Re1 Rg8 22. g4 c6 23. Bf4 Rde8 24. Ne4 Qd4 25. Bxf7 1-0


[Site "https://www.chess.com"]

[Event "Titled Tuesday Blitz August 09 Late 2022"]
[White "Gheorghiu, Calin"]
[Black "Yanchenko, Roman"]
[WhiteFideId "1200305"]
[BlackFideId "4137329"]
[WhiteElo "2168"]
[BlackElo "2514"]
[Result "0-1"]
[Round "01"]
[TimeControl "180+1"]
[Date "2022.08.09"]
[WhiteClock "0:02:15"]
[BlackClock "0:02:21"]

1. d4 d5 2. Bf4 Bf5 3. e3 e6 4. c4 Bxb1 5. Rxb1 Bb4+ 6. Ke2 Bd6 7. Nf3 Bxf4 8. exf4 dxc4 9. g3 Nc6 10. Bg2 Nge7 11. Rc1 b5 12. g4 Nd5 13. Qd2 Qf6 14. f5 O-O 15. Rhe1 exf5 16. g5 Qd6 17. Ne5 Nxe5 18. dxe5 Nf4+ 19. Qxf4 Qd3# 0-1


[Site "https://www.chess.com"]

[Event "Titled Tuesday Blitz August 09 Late 2022"]
[White "Grischuk, Alexander"]
[Black "Omariev, Maksim"]
[WhiteFideId "4126025"]
[BlackFideId "4193423"]
[WhiteElo "2762"]
[BlackElo "2497"]
[Result "1-0"]
[Round "01"]
[TimeControl "180+1"]
[Date "2022.08.09"]
[WhiteClock "0:00:26"]
[BlackClock "0:00:01"]

1. e4 c5 2. Nc3 Nc6 3. Bb5 Nd4 4. Nf3 Nxb5 5. Nxb5 a6 6. Nc3 d6 7. d4 cxd4 8. Qxd4 e6 9. Bg5 f6 10. Be3 Ne7 11. O-O-O Nc6 12. Qb6 Qxb6 13. Bxb6 Ne5 14. Nxe5 dxe5 15. Rd8+ Kf7 16. Rhd1 Rg8 17. Na4 Be7 18. Rxg8 Kxg8 19. Be3 b5 20. Nb6 Rb8 21. Nxc8 Rxc8 22. Rd7 Kf7 23. Kd2 Rd8 24. Rxd8 Bxd8 25. c4 Ke8 26. Kc3 Kd7 27. b4 Kc6 28. Kb3 f5 29. f3 h5 30. a4 g5 31. cxb5+ axb5 32. a5 Kb7 33. Bc5 Bf6 34. Kc2 Ka6 35. Kd3 f4 36. Ke2 Kb7 37. Kf2 Ka6 38. g3 Kb7 39. Kg2 Ka6 40. Bd6 Kb7 41. h4 1-0


[Site "https://www.chess.com"]

[Event "Titled Tuesday Blitz August 09 Late 2022"]
[White "Harsha Bharathakoti"]
[Black "Ozates, Tuna"]
[WhiteFideId "5078776"]
[BlackFideId "6354521"]
[WhiteElo "2575"]
[BlackElo "1887"]
[Result "1-0"]
[Round "01"]
[TimeControl "180+1"]
[Date "2022.08.09"]
[WhiteClock "0:00:42"]
[BlackClock "0:00:27"]

1. c4 c5 2. Nf3 Nc6 3. d4 cxd4 4. Nxd4 Qb6 5. Nb3 e6 6. g3 Nf6 7. Bg2 Ne5 8. N1d2 Be7 9. O-O d6 10. Qc2 Bd7 11. Nf3 Nxf3+ 12. exf3 Rc8 13. Be3 Qa6 14. Rfc1 O-O 15. Nd2 Rc7 16. b3 Rfc8 17. Qd1 d5 18. f4 Bc6 19. c5 b6 20. cxb6 axb6 21. Nf3 Ba3 22. Rc2 Bb5 23. Rxc7 Rxc7 24. Nd4 Bd3 25. Bf1 Bxf1 26. Qxf1 Qxf1+ 27. Kxf1 Bc5 28. Rc1 Ra7 29. b4 Bf8 30. Rc8 Rxa2 31. Nc6 g6 32. Bd4 Kg7 33. Bxf6+ Kxf6 34. Rxf8 Rc2 35. Ne5 Kf5 36. f3 f6 37. Nd7 1-0


[Site "https://www.chess.com"]

[Event "Titled Tuesday Blitz August 09 Late 2022"]
[White "Holt, Conrad"]
[Black "Yang, Cayden"]
[WhiteFideId "2034387"]
[BlackFideId "30967260"]
[WhiteElo "2586"]
[BlackElo "2473"]
[Result "1-0"]
[Round "01"]
[TimeControl "180+1"]
[Date "2022.08.09"]
[WhiteClock "0:00:36"]
[BlackClock "0:00:04"]

1. d4 Nf6 2. c4 g6 3. Nc3 d5 4. e3 Bg7 5. Qb3 c6 6. Nf3 O-O 7. Be2 Na6 8. cxd5 cxd5 9. O-O Nb8 10. Bd2 Nc6 11. Ne5 Nxe5 12. dxe5 Nd7 13. Nxd5 Nxe5 14. Rfd1 e6 15. Nf4 Qb6 16. Bc3 Qxb3 17. axb3 Nc6 18. Nd3 e5 19. Bf3 Be6 20. Nc5 Bc8 21. b4 Rb8 22. b5 Ne7 23. Rxa7 e4 24. Bxe4 Bxc3 25. bxc3 Kg7 26. h3 h5 27. Bxb7 Bxb7 28. Rxb7 Rxb7 29. Nxb7 Rb8 30. Rd7 Kf6 31. c4 Nf5 32. c5 Ke6 33. c6 Ne7 34. Nc5+ Kf6 35. Ne4+ Ke6 36. Nc3 Rc8 37. Ne2 g5 38. Nd4+ Kf6 39. c7 Ng8 40. b6 Rxc7 41. bxc7 1-0


[Site "https://www.chess.com"]

[Event "Titled Tuesday Blitz August 09 Late 2022"]
[White "Ibarra Jerez, Jose Carlos"]
[Black "D`Arruda, Ricardo D."]
[WhiteFideId "2226332"]
[BlackFideId "100692"]
[WhiteElo "2628"]
[BlackElo "2456"]
[Result "1-0"]
[Round "01"]
[TimeControl "180+1"]
[Date "2022.08.09"]
[WhiteClock "0:01:14"]
[BlackClock "0:01:29"]

1. e4 c5 2. Nc3 e6 3. Nf3 d6 4. d4 cxd4 5. Nxd4 Nf6 6. Be3 Be7 7. f3 a6 8. g4 Qc7 9. g5 Nfd7 10. h4 Nc6 11. Qd2 Nce5 12. O-O-O Nc4 13. Bxc4 Qxc4 14. Kb1 Qc7 15. f4 Nb6 16. Qd3 Bd7 17. f5 O-O-O 18. Rhf1 Nc4 19. Bc1 Kb8 20. Qh3 Rhf8 21. h5 Ne5 22. f6 1-0


[Site "https://www.chess.com"]

[Event "Titled Tuesday Blitz August 09 Late 2022"]
[White "Karimov, Alisher"]
[Black "Sjugirov, Sanan"]
[WhiteFideId "14700280"]
[BlackFideId "4189302"]
[WhiteElo "2186"]
[BlackElo "2609"]
[Result "1-0"]
[Round "01"]
[TimeControl "180+1"]
[Date "2022.08.09"]
[WhiteClock "0:01:36"]
[BlackClock "0:00:49"]

1. d4 Nf6 2. Nf3 e6 3. Bf4 Be7 4. e3 Nh5 5. Bg3 d6 6. Nbd2 Nd7 7. Bd3 g6 8. Qe2 O-O 9. O-O-O c5 10. c3 cxd4 11. exd4 Rb8 12. Ne4 Nxg3 13. hxg3 b5 14. Qe3 f6 15. Rxh7 Kxh7 16. Rh1+ Kg7 17. Qh6+ Kf7 18. Nxd6+ 1-0


[Site "https://www.chess.com"]

[Event "Titled Tuesday Blitz August 09 Late 2022"]
[White "Koc, Przemyslaw"]
[Black "Riehle, Marco"]
[WhiteFideId "1109081"]
[BlackFideId "12904392"]
[WhiteElo "2141"]
[BlackElo "2462"]
[Result "1/2-1/2"]
[Round "01"]
[TimeControl "180+1"]
[Date "2022.08.09"]
[WhiteClock "0:00:22"]
[BlackClock "0:00:44"]

1. d4 d5 2. Nf3 Nf6 3. c3 e6 4. Bg5 c5 5. Nbd2 Nc6 6. e3 Qb6 7. Rb1 Ne4 8. Nxe4 dxe4 9. Nd2 cxd4 10. exd4 f5 11. f3 exf3 12. Nxf3 Bd6 13. Bc4 O-O 14. Qb3 Qxb3 15. Bxb3 h6 16. Bd2 Kh7 17. O-O e5 18. dxe5 Nxe5 19. Nxe5 Bxe5 20. Bf4 Bf6 21. Rbd1 g5 22. Bd6 Rd8 23. Bc2 Kg7 24. Bxf5 Bxf5 25. Rxf5 Re8 26. Rdf1 Bd8 27. Rf7+ Kg6 28. Rxb7 Bb6+ 29. Kh1 Rad8 30. Be7 Rd2 31. g4 Bf2 32. a4 h5 33. gxh5+ Kxh5 34. b4 Kg4 35. a5 Rh8 36. Bf6 Rh6 37. Be5 Re6 38. Bg3 Bxg3 39. hxg3 Ree2 40. Rh7 Rb2 41. a6 Rec2 42. Rd1 Kxg3 43. Rg1+ Kf4 44. Rf1+ Ke5 45. Re1+ Kf5 46. Rf1+ Kg6 47. Rh3 g4 48. Rg1 Kf5 49. Rh5+ Kg6 50. Rh4 Kf5 51. Rgxg4 Rxc3 52. Rf4+ Ke5 53. Re4+ Kf5 54. Rhf4+ Kg5 55. Rg4+ Kf5 56. Rgf4+ Kg6 57. Rg4+ Kf7 58. Rgf4+ Kg8 59. Rg4+ Kf8 60. Rgf4+ Kg7 61. Rg4+ Kh6 62. Rh4+ Kg5 63. Rhg4+ Kh5 64. Rh4+ Kg5 65. Rhg4+ 1/2-1/2


[Site "https://www.chess.com"]

[Event "Titled Tuesday Blitz August 09 Late 2022"]
[White "Ladan, Nicholas"]
[Black "Paravyan, David"]
[WhiteFideId "30918855"]
[BlackFideId "4194985"]
[WhiteElo "2167"]
[BlackElo "2569"]
[Result "1-0"]
[Round "01"]
[TimeControl "180+1"]
[Date "2022.08.09"]
[WhiteClock "0:00:20"]
[BlackClock "0:00:13"]

1. d4 Nf6 2. c4 g6 3. Nf3 Bg7 4. g3 c6 5. Bg2 d5 6. cxd5 cxd5 7. O-O O-O 8. Ne5 Ne4 9. Nc3 Nxc3 10. bxc3 Nc6 11. Nxc6 bxc6 12. Bf4 Bg4 13. Qd2 Qa5 14. e4 Rfd8 15. h3 Be6 16. Rfe1 Rac8 17. e5 c5 18. a4 cxd4 19. cxd4 Qxd2 20. Bxd2 Rc4 21. Be3 h5 22. Bf1 Rb4 23. Reb1 Rdb8 24. Rxb4 Rxb4 25. a5 Kh7 26. a6 Bh6 27. Rc1 Bxe3 28. fxe3 Rb3 29. Rc7 Rxe3 30. Rxa7 Rxg3+ 31. Kf2 Ra3 32. Rxe7 Ra2+ 33. Ke3 Ra3+ 34. Kd2 Ra2+ 35. Kc3 Bxh3 36. Bxh3 Rxa6 37. Bg2 Ra5 38. Rxf7+ Kh6 39. Rd7 g5 40. Bxd5 g4 41. e6 Ra3+ 42. Bb3 Ra8 43. e7 Re8 44. Bf7 g3 45. Bxe8 g2 46. Rd6+ Kh7 47. Rg6 1-0


[Site "https://www.chess.com"]

[Event "Titled Tuesday Blitz August 09 Late 2022"]
[White "Livaic, Leon"]
[Black "Winterberg, Lukas"]
[WhiteFideId "14531534"]
[BlackFideId "24622702"]
[WhiteElo "2540"]
[BlackElo "2349"]
[Result "1-0"]
[Round "01"]
[TimeControl "180+1"]
[Date "2022.08.09"]
[WhiteClock "0:01:59"]
[BlackClock "0:01:22"]

1. d4 Nf6 2. Nc3 d5 3. Bf4 a6 4. e3 e6 5. Nf3 c5 6. dxc5 Bxc5 7. Bd3 Nc6 8. O-O O-O 9. e4 dxe4 10. Nxe4 Nxe4 11. Bxe4 h6 12. Qe2 Qf6 13. Bc1 Bd7 14. c3 Rad8 15. Bc2 Ne7 16. a4 Ng6 17. Bxg6 Qxg6 18. Be3 Bxe3 19. Ne5 Bc6 20. Nxg6 1-0


[Site "https://www.chess.com"]

[Event "Titled Tuesday Blitz August 09 Late 2022"]
[White "Makarian, Rudik"]
[Black "Baches Garcia, Guillermo"]
[WhiteFideId "44105681"]
[BlackFideId "2209764"]
[WhiteElo "2403"]
[BlackElo "2469"]
[Result "1-0"]
[Round "01"]
[TimeControl "180+1"]
[Date "2022.08.09"]
[WhiteClock "0:01:18"]
[BlackClock "0:00:48"]

1. c4 e5 2. Nc3 Nf6 3. Nf3 Nc6 4. e3 d5 5. cxd5 Nxd5 6. Bb5 Nxc3 7. bxc3 Bd6 8. d4 exd4 9. cxd4 O-O 10. O-O Bg4 11. h3 Bh5 12. Rb1 Qe7 13. Be2 Rab8 14. Nd2 Bxe2 15. Qxe2 Nxd4 16. Qg4 Nc6 17. Bb2 Be5 18. Rfc1 Rfd8 19. Nf3 Bxb2 20. Rxb2 Ne5 21. Qe4 Nxf3+ 22. Qxf3 c5 23. a4 b6 24. Rcb1 Qc7 25. Qe4 g6 26. h4 h5 27. g3 Rd6 28. Qc4 Rbd8 29. Kh2 Qc6 30. Qf4 Rd1 31. e4 Rxb1 32. Rxb1 Qxa4 33. g4 hxg4 34. h5 Qc2 35. hxg6 fxg6 36. Qf6 Qxb1 37. Qxd8+ Kg7 38. Qe7+ Kg8 39. Qe6+ Kg7 40. Qe7+ Kg8 41. Qe6+ 1-0


[Site "https://www.chess.com"]

[Event "Titled Tuesday Blitz August 09 Late 2022"]
[White "Malka, Samuel"]
[Black "Oparin, Grigoriy"]
[WhiteFideId "20643675"]
[BlackFideId "24125890"]
[WhiteElo "2497"]
[BlackElo "2639"]
[Result "0-1"]
[Round "01"]
[TimeControl "180+1"]
[Date "2022.08.09"]
[WhiteClock "0:02:03"]
[BlackClock "0:02:44"]

1. d4 Nf6 2. c4 e6 3. Nf3 Bb4+ 4. Nbd2 O-O 5. a3 Be7 6. e4 d6 7. Bd3 e5 8. h3 exd4 9. Nxd4 Nc6 10. N2f3 Re8 11. O-O Nxd4 12. Nxd4 Nd7 13. b4 Bf6 14. Bb2 c5 15. e5 Bxe5 0-1


[Site "https://www.chess.com"]

[Event "Titled Tuesday Blitz August 09 Late 2022"]
[White "Mardov, Dimitar"]
[Black "Manukian, Artak"]
[WhiteFideId "30919495"]
[BlackFideId "13301373"]
[WhiteElo "2185"]
[BlackElo "2443"]
[Result "1-0"]
[Round "01"]
[TimeControl "180+1"]
[Date "2022.08.09"]
[WhiteClock "0:00:24"]
[BlackClock "0:00:12"]

1. d4 d5 2. c4 dxc4 3. Nf3 Nf6 4. e3 e6 5. Bxc4 c5 6. O-O a6 7. a4 Nc6 8. Nc3 cxd4 9. exd4 Be7 10. Re1 O-O 11. Bg5 Nb4 12. Ne5 Bd7 13. Qd2 Rc8 14. Bb3 Nbd5 15. Nxd5 Nxd5 16. Bxe7 Qxe7 17. Bxd5 exd5 18. Ng6 Qxe1+ 19. Rxe1 hxg6 20. a5 Rfe8 21. h3 Rxe1+ 22. Qxe1 Re8 23. Qd2 Bc6 24. Kh2 f6 25. h4 Kf7 26. f3 Rh8 27. Kg3 Re8 28. Kf2 Bb5 29. Kg3 Re2 30. Qc3 Bc6 31. Kh3 Bd7+ 32. g4 Bc6 33. Kg3 Re7 34. b4 Re6 35. Qc5 Ke8 36. Kf4 Kf7 37. Qa7 Re7 38. Qb8 Re6 39. h5 gxh5 40. gxh5 Re8 41. Qd6 Re6 42. Qc5 Ke8 43. Kf5 Kf7 44. Kf4 Ke8 45. Qc1 Kf7 46. Qg1 Be8 47. Qg6+ Kf8 48. Qf5 Rd6 49. Qh7 Bf7 50. Qh8+ Bg8 51. h6 gxh6 52. Qxh6+ Ke7 53. Qh8 Be6 54. Qb8 Rd7 55. Qa7 Kf7 56. Qb6 Ke7 57. b5 axb5 58. Qxb5 Kf7 59. Kg3 Ke7 60. Kh4 Kf7 61. Qb6 Ke7 62. Kg3 Kf7 63. Kf4 Ke7 64. Ke3 Kf7 65. Kd2 Ke7 66. Kc3 Kf7 67. Kb4 Ke7 68. Qc5+ Kf7 69. Kb5 Bf5 70. Kb6 Be6 71. Qc2 Ke7 72. Qh7+ Bf7 73. Qh2 Be6 74. Qb8 Kf7 75. Qxb7 Rxb7+ 76. Kxb7 Ke7 77. Kc7 1-0


[Site "https://www.chess.com"]

[Event "Titled Tuesday Blitz August 09 Late 2022"]
[White "Mathieu, Phileas"]
[Black "Alekseenko, Kirill"]
[WhiteFideId "36048410"]
[BlackFideId "4135539"]
[WhiteElo "2138"]
[BlackElo "2682"]
[Result "0-1"]
[Round "01"]
[TimeControl "180+1"]
[Date "2022.08.09"]
[WhiteClock "0:00:03"]
[BlackClock "0:00:19"]

1. e4 e5 2. Nf3 Nc6 3. Bb5 a6 4. Ba4 d6 5. d3 Bd7 6. c3 g6 7. h3 Bg7 8. O-O Nge7 9. Be3 O-O 10. Nbd2 f5 11. Bb3+ Kh8 12. Bg5 h6 13. Bh4 Qe8 14. Qe2 g5 15. Bg3 f4 16. Bh2 Qg6 17. g4 h5 18. Ne1 hxg4 19. hxg4 Bf6 20. f3 Kg7 21. Rf2 Rh8 22. Bd5 Rh4 23. b4 Rah8 24. Rg2 R8h6 25. a4 Nxd5 26. exd5 Ne7 27. c4 e4 28. Ra2 Bd4+ 29. Kh1 e3 30. Ne4 Rh3 31. Kg1 R6h4 32. Nc2 Bf6 33. Ne1 Qh6 34. b5 a5 35. Rb2 b6 36. Rc2 Bd4 37. Ra2 Ng6 38. Nc2 Bf6 39. d4 Bxg4 40. Rxg4 Rxg4+ 41. fxg4 f3 42. Qxe3 Rxh2 43. Qxf3 Nf4 44. Ne3 Rxa2 45. Nf5+ Kg6 46. Nxh6 Bxd4+ 47. Kf1 Kxh6 48. Ke1 Rxa4 49. Ng3 Ra1+ 50. Kd2 Ra2+ 51. Kc1 Be5 52. Nf5+ Kg6 53. Qe4 Ne2+ 54. Kb1 Nc3+ 0-1


[Site "https://www.chess.com"]

[Event "Titled Tuesday Blitz August 09 Late 2022"]
[White "Naroditsky, Daniel"]
[Black "Nozdrachev, Leonid"]
[WhiteFideId "2026961"]
[BlackFideId "24113433"]
[WhiteElo "2628"]
[BlackElo "2100"]
[Result "1-0"]
[Round "01"]
[TimeControl "180+1"]
[Date "2022.08.09"]
[WhiteClock "0:00:05"]
[BlackClock "0:00:08"]

1. e4 c6 2. d4 d5 3. exd5 cxd5 4. Bd3 Nc6 5. c3 Nf6 6. Bf4 Bg4 7. Qb3 Qd7 8. Nd2 e6 9. Ngf3 Bxf3 10. Nxf3 Bd6 11. Bg3 O-O 12. O-O Qc7 13. Rae1 Rfe8 14. Qc2 Rac8 15. Qb1 e5 16. Bf5 Rcd8 17. dxe5 Nxe5 18. Nd4 a6 19. Bh4 Ng6 20. Bxf6 Bxh2+ 21. Kh1 gxf6 22. Qd3 Be5 23. g3 Qc4 24. Qxc4 dxc4 25. Nf3 b5 26. Rd1 b4 27. Rc1 bxc3 28. bxc3 Rb8 29. Nd2 Ne7 30. Be4 Rec8 31. Rc2 f5 32. Bg2 Kg7 33. Re1 Bf6 34. Bf1 Nd5 35. Nxc4 Bxc3 36. Rd1 Rd8 37. Rxd5 Rxd5 38. Rxc3 Rb1 39. Kg2 Rdd1 40. Ne3 Rdc1 41. Rxc1 Rxc1 42. Bxa6 Kf6 43. a4 Ke5 44. Kf3 Ra1 45. Bb5 h5 46. a5 f4 47. gxf4+ Kd6 48. a6 Kc5 49. Bf1 h4 50. Kg4 Rxf1 51. Nxf1 Kb6 52. Kxh4 Kxa6 53. Kg5 Kb5 54. Kf6 Kc4 55. Kxf7 1-0


[Site "https://www.chess.com"]

[Event "Titled Tuesday Blitz August 09 Late 2022"]
[White "Paiva, Henrique M A Albergaria"]
[Black "Kevlishvili, Robby"]
[WhiteFideId "1920995"]
[BlackFideId "1040634"]
[WhiteElo "1975"]
[BlackElo "2585"]
[Result "0-1"]
[Round "01"]
[TimeControl "180+1"]
[Date "2022.08.09"]
[WhiteClock "0:00:19"]
[BlackClock "0:01:04"]

1. e4 e5 2. Nf3 Nc6 3. Bc4 Bc5 4. d3 Nf6 5. h3 d6 6. O-O a5 7. c3 Bb6 8. Be3 Bxe3 9. fxe3 O-O 10. Nbd2 a4 11. Qe1 Bd7 12. Qg3 Na5 13. Qg5 Nxc4 14. Nxc4 b5 15. Ncd2 h6 16. Qg3 c5 17. d4 Re8 18. Rae1 Qe7 19. Qf2 b4 20. Nh4 a3 21. bxa3 bxc3 22. Ndf3 Nxe4 23. Qc2 d5 24. Nxe5 Ba4 25. Qe2 Qxh4 26. Rf4 Qe7 27. Rxf7 Qe6 28. Ref1 Rf8 29. Rxf8+ Rxf8 30. Rxf8+ Kxf8 31. Qf1+ Kg8 32. Qb1 c2 33. Qb8+ Kh7 34. Qb2 cxd4 35. exd4 Qf5 36. Nf3 Qf4 0-1


[Site "https://www.chess.com"]

[Event "Titled Tuesday Blitz August 09 Late 2022"]
[White "Petrovic, Aleksa"]
[Black "Kravtsiv, Martyn"]
[WhiteFideId "967629"]
[BlackFideId "14113147"]
[WhiteElo "2262"]
[BlackElo "2694"]
[Result "0-1"]
[Round "01"]
[TimeControl "180+1"]
[Date "2022.08.09"]
[WhiteClock "0:02:26"]
[BlackClock "0:02:42"]

1. d4 e6 2. c4 d5 3. Nf3 Nf6 4. Nc3 Nbd7 5. Bg5 Bb4 6. cxd5 exd5 7. e3 c5 8. Bd3 Qa5 9. O-O c4 10. Bf5 Bxc3 11. bxc3 Ne4 12. Bxe4 dxe4 13. Ne5 O-O 14. Nxc4 Qxg5 0-1


[Site "https://www.chess.com"]